 Dungeon Crawl Stone Soup version 0.30-a0-728-gc68057be0a (webtiles) character file.

Game seed: 5497417638182066357

114583 DEFE the Fetichist (level 17, -16/187 HPs)
             Began as a Djinni Wanderer on Jan 31, 2023.
             Was a High Priest of Ashenzari.
             Demolished by Donald
             ... wielding a +0 heavy scimitar
              (20 damage)
             ... on level 2 of the Spider Nest.
             The game lasted 01:13:32 (33105 turns).

DEFE the Fetichist (Djinni Wanderer)               Turns: 33105, Time: 01:13:33

Health: -16/187    AC: 16    Str: 24      XL:     17   Next: 21%
Gold:   2854       EV: 13    Int: 28      God:    Ashenzari [*****.] SH:  0 Dex:  9 (10)

rFire   + + .      SeeInvis +      - Unarmed
rCold   x . .      Faith    .    (shield currently unavailable)
rNeg    + . .      Spirit   .    (body armour currently unavailable)
rPois   ∞          Reflect  .    (helmet currently unavailable)
rElec   .          Harm     .    (cloak currently unavailable)
rCorr   .          Rampage  .    (gloves currently unavailable)
Will    ++...      Clarity  +    (boots unavailable)
Stlth   +++                      W - amulet of the All-seeing Malaise {Acrobat, Cun, Range} (curse)
HPRegen 0.51/turn                y - ring "Sorrow of Ashenzari" {rPois rN+ EV+5, Self, Fort} (curse)
MPRegen 0.00/turn                Y - ring "Shattered Submission" {Int+6, Melee, Range} (curse)

@: short of breath, dragon-form, flying
A: dragon claw, dragon scales, breathe fire, flying, boosted hp, sickness
immunity, giant, (fire resistance 2), (cold vulnerability 1), float, innate
caster, HP casting, extra vitality 1, clumsy 1, strong-willed 1, strong 1
a: Breathe Fire, End Transformation, Renounce Religion, Curse Item, Shatter the
Chains


You were on level 2 of the Spider Nest.
You worshipped Ashenzari.
Ashenzari was extremely pleased with you.
You were a fearsome dragon!
You visited 5 branches of the dungeon, and saw 25 of its levels.
You also visited: Bailey, Gauntlet, Ice Cave and Volcano.

You collected 2854 gold pieces.

Inventory:

Hand Weapons
 F - the cursed +3 dagger of the Revealing Heavens (melded) {venom, Self, Melee}
   (You took it off Dowan on level 6 of the Dungeon)

   It has a curse which improves the following skills: Introspection: Fighting
   and Spellcasting.
   Melee Combat: Short Blades, Long Blades, Axes, Maces & Flails, Polearms,
   Staves and Unarmed Combat.
Missiles
 A - 5 curare-tipped darts (quivered)
Armour
 a - a +0 robe of the Archmagi
 j - the +2 hat of the Blessed Realm {rCorr Str+2 Dex+3}
   (You found it in a Gauntlet)

   Str:       It affects your strength (+2).
   Dex:       It affects your dexterity (+3).
   rCorr:     It protects you from acid and corrosion.
 p - the cursed +0 cloak of Ashenzari's Annoyance (melded) {Fort, Range}
   (You found it on level 6 of the Dungeon)

   It has a curse which improves the following skills: Fortitude: Armour and
   Shields.
   Ranged Combat: Ranged Weapons and Throwing.
 q - the cursed +1 pair of gloves of Supernal Gnosis (melded) {Evo, Fort}
   (You found it on level 4 of the Dungeon)

   It has a curse which improves the following skills: Evocations: Evocations.
   Fortitude: Armour and Shields.
 G - a +0 robe of cold resistance
 M - the cursed +1 hat of the Mantic Incredulity (melded) {rElec Dex+5, Self, Range}
   (You acquired it on level 1 of the Lair of Beasts)

   Dex:       It affects your dexterity (+5).
   rElec:     It insulates you from electricity.
   It has a curse which improves the following skills: Introspection: Fighting
   and Spellcasting.
   Ranged Combat: Ranged Weapons and Throwing.
 T - a +3 troll leather armour (melded)
 U - the cursed +1 buckler of the Lashed Planets (melded) {Rampage rF- MP+9 Slay+5, Self, Fort}
   (You acquired it on level 1 of the Lair of Beasts)

   Slay:      It affects your accuracy & damage with ranged weapons and melee
   (+5).
   rF:        It makes you vulnerable to fire.
   MP:        It affects your magic capacity (+9).
   Rampage:   It bestows one free step when moving towards enemies.
   It has a curse which improves the following skills: Introspection: Fighting
   and Spellcasting.
   Fortitude: Armour and Shields.
Magical Staves
 V - a staff of fire
Jewellery
 k - a ring of wizardry
 y - the cursed ring "Sorrow of Ashenzari" (left foreclaw) {rPois rN+ EV+5, Self, Fort}
   (You found it on level 5 of the Dungeon)

   [ring of evasion]

   EV:        It affects your evasion (+5).
   rPois:     It protects you from poison.
   rN:        It protects you from negative energy.
   It has a curse which improves the following skills: Introspection: Fighting
   and Spellcasting.
   Fortitude: Armour and Shields.
 D - a ring of protection from cold
 R - a ring of resist corrosion
 W - the cursed amulet of the All-seeing Malaise (around neck) {Acrobat, Cun, Range}
   (You found it on level 2 of the Lair of Beasts)

   [amulet of the acrobat]

   It increases your evasion while moving and waiting.
   It has a curse which improves the following skills: Cunning: Dodging and
   Stealth.
   Ranged Combat: Ranged Weapons and Throwing.
 X - a ring of positive energy
 Y - the cursed ring "Shattered Submission" (right foreclaw) {Int+6, Melee, Range}
   (You found it on level 2 of the Lair of Beasts)

   [ring of intelligence]

   Int:       It affects your intelligence (+6).
   It has a curse which improves the following skills: Melee Combat: Short
   Blades, Long Blades, Axes, Maces & Flails, Polearms, Staves and Unarmed
   Combat.
   Ranged Combat: Ranged Weapons and Throwing.
Wands
 f - a wand of light (3)
 B - a wand of polymorph (12)
 J - a wand of flame (43)
Scrolls
 b - a scroll of butterflies
 c - 7 scrolls of teleportation
 e - 9 scrolls of immolation
 g - 5 scrolls of magic mapping
 h - 3 scrolls of vulnerability
 l - 4 scrolls of torment
 m - 3 scrolls of fog
 n - 2 scrolls of amnesia
 r - 18 scrolls of identify
 u - 4 scrolls of fear
 w - 4 scrolls of enchant weapon
 E - a scroll of enchant armour
 O - 4 scrolls of silence
 P - 2 scrolls of brand weapon
 Z - 2 scrolls of poison
Potions
 d - 3 potions of mutation
 i - 3 potions of curing
 o - 2 potions of brilliance
 s - 3 potions of lignification
 t - 2 potions of cancellation
 v - 2 potions of magic
 x - 3 potions of haste
 z - a potion of resistance
 C - 5 potions of attraction
 L - 3 potions of might
 N - a potion of ambrosia
Miscellaneous
 I - a tin of tremorstones (2/2)
 K - a phantom mirror (inert)


   Skills:
 - Level 10.2(12.5) Fighting
 - Level 5.6(7.9) Short Blades
 - Level 1.5(3.1) Polearms
 - Level 1.0(2.3) Armour
 - Level 1.1(2.5) Dodging
 - Level 5.5(7.8) Stealth
 - Level 5.0(7.2) Shields
 + Level 3.3(5.4) Unarmed Combat
 - Level 14.9(17.1) Spellcasting
 + Level 17.5 Evocations


You had 18 spell levels left.
You knew the following spells:

 Your Spells              Type           Power      Damage    Failure   Level
a - Kiss of Death         Conj/Necr      100%       2d13      0%          1
b - Momentum Strike       Conj/Tloc      100%       3d10      0%          2
c - Portal Projectile     Hex/Tloc       100%       N/A       0%          3
d - Tukima's Dance        Hex            88%        N/A       0%          3
e - Lee's Rapid Deconstr  Erth           44%        3d21*     1%          5
f - Agony                 Necr           88%        N/A       1%          5
g - Simulacrum            Ice/Necr       44%        N/A       1%          6
h - Dragon Form           Tmut           44%        N/A       1%          7
Your spell library was empty.

Dungeon Overview and Level Annotations

Branches:
Dungeon (15/15)            Temple (1/1) D:6            Lair (5/5) D:11
 Shoals (0/4) Lair:3       Spider (2/4) Lair:3        Slime (0/5) Lair:5
    Orc (2/2) D:9             Elf (0/3) Orc:2        Vaults (0/5) D:13
 Depths (0/4) D:15         Bailey (visited)           IceCv (visited)
Volcano (visited)         Gauntlet (visited)

Altars:
Ashenzari
Cheibriados
Dithmenos
Elyvilon
Fedhas
Gozag
Hepliaklqana
Makhleb
Nemelex Xobeh
Okawaru
Qazlal
Ru
Trog
Uskayaw
Wu Jian
Xom
Yredelemnul
Zin
The Shining One
Jiyva

Shops:
Orc:2 *(=[

Annotations:
D:3 1 runed translucent door, Crazy Yiuf
D:7 5 transporters
D:10 1 runed translucent door
Lair:5 2 runed translucent doors
Spider:2 Donald
Orc:1 3 runed translucent doors, TimeIsEndless's ghost, journeyman KoEn


Innate Abilities, Weirdness & Mutations

You are a fearsome dragon!
You have a powerful clawing attack.
Your giant scaled body is strong and resiliant, but less evasive.
You can breathe fire.
You are flying.
Your maximum health is greatly increased.
Your armour is entirely melded.
You are incapable of wielding weapons or throwing items.
You are immune to sickness and miasma.
You are immune to poison.
((Your flesh is very heat resistant. (rF++)))
((You are vulnerable to cold. (rC-)))
You float through the air rather than walking.
You learn spells naturally, not from books.
Your magical power is your life essence.
You have superior vitality. (+4 MHP)
You are clumsy. (Dex -2)
You are strong-willed. (Will+)
Your muscles are strong. (Str +4, Int/Dex -1)


Message History

Donald says, "I hate venom.
I hate getting bitten."
Donald hits you with a +0 heavy scimitar!!!
You take 51 damage, and have 130/187 hp.
MASSIVE DAMAGE!!
Unknown command.
Aim: Donald, wielding a +0 heavy scimitar, wearing a +1 chain mail of fire resistance and wearing a +0 kite shield of reflection (strong, reflecting blocked projectiles, 87% to hit)
You breathe a blast of fire.
The fiery breath hits Donald.
Donald resists.
Unknown command.
You barely miss Donald. Donald blocks your attack.
You bite Donald, but do no damage.
Donald is engulfed in blazing flames.
Donald gestures wildly while chanting.
Donald seems to speed up.
Unknown command.
You bite Donald!!
Donald is engulfed in blazing flames.
Donald hits you with a +0 heavy scimitar!!!
You take 37 damage, and have 94/187 hp.
Unknown command.
You completely miss Donald.
Donald says, "What lunatic would build a room out of doors?"
Donald hits you with a +0 heavy scimitar.
You take 5 damage, and have 89/187 hp.
Unknown command.
Donald blocks your attack.
Donald is engulfed in blazing flames.
Donald hits you with a +0 heavy scimitar!!!
* * * LOW HITPOINT WARNING * * *
You take 55 damage, and have 34/187 hp.
MASSIVE DAMAGE!!
Unknown command.
Okay, then.
You completely miss Donald.
Your tail-slap misses Donald.
Donald is engulfed in blazing flames.
Donald says, "What lunatic would build a room out of doors?"
Donald hits you with a +0 heavy scimitar!!
* * * LOW HITPOINT WARNING * * *
You take 30 damage, and have 4/187 hp.
Unknown command.
Unknown command.
You bite Donald!!
Donald is engulfed in blazing flames.
Donald hits you with a +0 heavy scimitar!!
You die...

# ** *,* * *..^ .#...... *{#. *
### *,*#... *, , .^... *,##.#*
#.# *..... ∆ .....
**#...######.####.... #. , .....
.##....................#****.^...
.#..............##.....##* *#####
...............## ..*...########
....#........##.##.# *#.......##.
....#.......####D@# #.........#
..........### #...# #..........
.........#####..###.# #..........
.......##.......* * ...#.........
.......##.......# * ............
.....#..........## ##...........
#..^##...........# ##.....#...^..
##.# #...........#*#......##.....
#. #...........##.......###....


You could see Donald (fast, strong, reflecting).

Vanquished Creatures
  Jorgrun (Orc:2)
  Rupert (D:14)
  An emperor scorpion (Spider:2)
  A ghost moth (Spider:1)
  An orc warlord (Orc:2)
  A very ugly thing (D:15)
  Nessos (D:14)
  A minotaur (Gauntlet)
  Snorg (Lair:4)
  An entropy weaver (shapeshifter) (D:13)
  8 hydras
  An entropy weaver (Spider:2)
  8 vault guards (D:13)
  A rakshasa (D:15)
  A radroach (Spider:2)
  4 boulder beetles
  8 centaur warriors
  2 two-headed ogres
  Urug (D:10)
  2 tengu warriors (D:15)
  10 death yaks
  An orc high priest (Orc:2)
  5 skeletal warriors
  Amaemon (D:11)
  A pharaoh ant (Lair:3)
  A glowing orange brain (D:15)
  A sun moth (Spider:2)
  An orb spider (Spider:2)
  3 wizards
  A steelbarb worm (Spider:1)
  3 orc knights (Orc:2)
  An anaconda skeleton (Volcano)
  A necromancer (Gauntlet)
  2 lindwurms
  3 deep elf pyromancers
  6 ugly things
  2 wolf spiders
  4 orc sorcerers (Orc:2)
  An oklob plant (Lair:2)
  2 manticores
  6 cyclopes
  A manticore (shapeshifter) (D:15)
  16 elephants
  An ice statue (Lair:3)
  A black mamba (shapeshifter) (D:13)
  4 black mambas
  3 molten gargoyles (Lair:5)
  9 cane toads
  5 demonic crawlers
  5 gargoyles (Volcano)
  An orange demon (D:11)
  2 kobold demonologists
  2 rime drakes
  An unseen horror (D:10)
  A yaktaur (D:14)
  3 freezing wraiths
  12 komodo dragons
  A tengu conjurer (D:15)
  2 polar bears
  7 trolls
  A harpy skeleton (Volcano)
  4 tarantellas (Spider:2)
  A hornet (shapeshifter) (D:13)
  2 hornets
  A wind drake (Lair:3)
  8 blink frogs
  2 centaur simulacra
  6 jumping spiders
  14 slime creatures
  2 culicivoras (Spider:2)
  3 flying skulls (Volcano)
  4 shadows
  32 yaks
  7 wyverns
  An alligator skeleton (Volcano)
  A vampire (D:14)
  3 wraiths
  A fire bat (shapeshifter) (D:13)
  Eustachio (D:6)
  32 redbacks
  12 basilisks
  3 steam dragons
  2 wargs
  2 acid dragons
  3 hell hounds
  8 water moccasins
  Duvessa (D:6)
  29 orc warriors
  3 sky beasts
  9 ice beasts
  12 centaurs
  3 ogres
  3 boggarts (D:14)
  21 wolves
  9 kobold brigands
  6 bullfrogs
  A gnoll sergeant (D:13)
  3 scorpions
  3 necrophages
  A cane toad simulacrum (IceCv)
  Dowan (D:6)
  3 elephant simulacra (IceCv)
  A troll zombie (D:9)
  5 killer bees (D:10)
  An electric eel (Lair:5)
  6 troll skeletons (Volcano)
  A howler monkey (D:10)
  5 lava snakes (Lair:5)
  2 hounds
  A jelly (D:7)
  19 orc priests
  24 orc wizards
  A wolf simulacrum (IceCv)
  6 ogre zombies (D:9)
  8 adders
  5 gnolls (D:13)
  6 white imps
  An ufetubus (D:5)
  83 orcs
  7 ball pythons
  9 bats
  4 endoplasms
  A giant cockroach (D:1)
  9 goblins
  7 hobgoblins
  7 jackals
  22 kobolds
  2 quokkas (D:1)
  A frilled lizard (D:1)
  2 goblin skeletons (D:9)
  A goblin zombie (D:9)
  A hobgoblin skeleton (D:9)
  3 hobgoblin zombies (D:9)
  A kobold skeleton (D:10)
  An orc skeleton (D:9)
  16 orc zombies (D:9)
  3 rats
  A butterfly (D:6)
716 creatures vanquished.

Vanquished Creatures (collateral kills)
  Saint Roka (Orc:2)
  A skeletal warrior (Volcano)
  An anaconda skeleton (Volcano)
  A demonic crawler (Spider:2)
  An alligator skeleton (Volcano)
  A warg (Orc:2)
  An orc wizard (Orc:2)
7 creatures vanquished.

Vanquished Creatures (others)
  2 centaurs (D:15)
  A quokka (D:10)
  2 bushes (Lair:5)
  31 fungi
  71 plants
107 creatures vanquished.

Grand Total: 830 creatures vanquished

Notes
Turn   | Place    | Note
-------+----------+-------------------------------------------
     0 | D:1      | DEFE the Djinni Wanderer began the quest for the Orb.
     0 | D:1      | DEFE set off with the following items: a +2 spear, a +0
                  | scale mail, a scroll of teleportation.
     0 | D:1      | Reached XP level 1. HP: 18/18 MP: 0/0
    94 | D:1      | Reached XP level 2. HP: 23/23 MP: 0/0
   200 | D:1      | Reached XP level 3. HP: 28/28 MP: 0/0
   200 | D:1      | Learned a level 1 spell: Kiss of Death
   739 | D:2      | Reached skill level 1 in Shields
   972 | D:2      | Reached XP level 4. HP: 33/33 MP: 0/0
  1195 | D:2      | Found a faded altar of an unknown god.
  1799 | D:3      | Found a runed translucent door.
  1800 | D:3      | Noticed Crazy Yiuf
  2238 | D:4      | Reached XP level 5. HP: 31/38 MP: 0/0
  2238 | D:4      | Learned a level 2 spell: Momentum Strike
  2315 | D:4      | Found a burning altar of Makhleb.
  2315 | D:4      | Noticed a balrug
  2318 | D:4      | Noticed a ynoxinul
  2318 | D:4      | Noticed an orange demon
  3249 | D:5      | Entered Level 5 of the Dungeon
  3267 | D:5      | Reached XP level 6. HP: 33/43 MP: 0/0
  3592 | D:5      | Identified the ring "Kuqoir Lyk" {rPois rN+ EV+5}
  3619 | D:5      | Identified the +7 plate armour of Juowilism {Will- MP+9
                  | Dex+8 Stlth-}
  3828 | D:5      | Noticed an ogre
  3834 | D:5      | Killed an ogre
  3835 | D:5      | Reached XP level 7. HP: 27/49 MP: 0/0
  3835 | D:5      | Learned a level 3 spell: Portal Projectile
  4209 | D:6      | Noticed Duvessa
  4209 | D:6      | Noticed Dowan
  4667 | D:6      | Reached skill level 5 in Shields
  4667 | D:6      | Reached skill level 5 in Spellcasting
  4763 | D:6      | Reached XP level 8. HP: 50/54 MP: 0/0
  4861 | D:6      | Found a staircase to the Ecumenical Temple.
  4870 | Temple   | Entered the Ecumenical Temple
  5125 | D:6      | Noticed Eustachio
  5211 | D:6      | Killed Eustachio
  5690 | D:6      | Killed Duvessa
  5698 | D:6      | Killed Dowan
  6203 | D:7      | Found a flagged portal.
  6213 | Bailey   | Entered a bailey
  6301 | Bailey   | Reached XP level 9. HP: 48/58 MP: 0/0
  6301 | Bailey   | Learned a level 3 spell: Tukima's Dance
  6313 | Bailey   | Reached skill level 3 in Evocations
  6486 | Bailey   | Reached skill level 4 in Evocations
  6581 | Bailey   | Found an iron altar of Okawaru.
  6733 | D:7      | Reached skill level 5 in Evocations
  6965 | D:7      | Found a transporter.
  6965 | D:7      | Found a transporter.
  7044 | D:7      | Found a transporter.
  7044 | D:7      | Noticed a troll
  7085 | D:7      | Found a transporter.
  7085 | D:7      | Found a transporter.
  7085 | D:7      | Noticed a boulder beetle
  7086 | D:7      | Noticed a two-headed ogre
  7311 | D:7      | Noticed a red ugly thing
  7311 | D:7      | Noticed a cyclops
  7664 | D:8      | Reached skill level 6 in Evocations
  7844 | D:8      | Reached XP level 10. HP: 20/64 MP: 0/0
  8237 | D:8      | Found a shadowy altar of Dithmenos.
  8656 | D:9      | Reached skill level 7 in Evocations
  8977 | D:9      | Found a staircase to the Orcish Mines.
  9179 | D:9      | Reached skill level 8 in Evocations
 10818 | D:10     | Entered Level 10 of the Dungeon
 11000 | D:10     | Found a broken altar of Ashenzari.
 11006 | D:10     | Became a worshipper of Ashenzari the Shackled
 11185 | D:10     | Reached XP level 11. HP: 30/68 MP: 0/0
 11185 | D:10     | Learned a level 5 spell: Lee's Rapid Deconstruction
 11457 | D:10     | Noticed a wizard
 11458 | D:10     | Noticed a four-headed hydra
 11464 | D:10     | Killed a wizard
 11465 | D:10     | Reached skill level 9 in Evocations
 11472 | D:10     | Noticed Urug
 11473 | D:10     | Killed a four-headed hydra
 11474 | D:10     | Reached skill level 10 in Spellcasting
 11499 | D:10     | Noticed a two-headed ogre
 11629 | D:10     | Reached skill level 10 in Evocations
 11872 | D:10     | Found a runed translucent door.
 11885 | D:10     | Found a basalt altar of Yredelemnul.
 11992 | D:10     | Killed Urug
 12176 | D:10     | Found a blossoming altar of Fedhas.
 12241 | D:10     | Found a white marble altar of Elyvilon.
 12307 | D:10     | Killed a two-headed ogre
 12474 | D:11     | Found a gate leading to a gauntlet.
 12477 | Gauntlet | Entered a Gauntlet
 12477 | Gauntlet | Noticed an oklob plant
 12477 | Gauntlet | Found a transporter.
 12477 | Gauntlet | Found a transporter.
 12490 | Gauntlet | Found a transporter.
 12492 | Gauntlet | Found a transporter.
 12499 | Gauntlet | Noticed a necromancer
 12503 | Gauntlet | Found a transporter.
 12505 | Gauntlet | Found a transporter.
 12505 | Gauntlet | Noticed a necromancer
 12519 | Gauntlet | Found a transporter.
 12519 | Gauntlet | Noticed a death yak
 12521 | Gauntlet | Noticed a death yak
 12521 | Gauntlet | Noticed a death yak
 12522 | Gauntlet | Noticed a death yak
 12530 | Gauntlet | Noticed a death yak
 12531 | Gauntlet | Found a transporter.
 12531 | Gauntlet | Noticed a death yak
 12532 | Gauntlet | Noticed a death yak
 12532 | Gauntlet | Noticed a death yak
 12551 | Gauntlet | Found a transporter.
 12555 | Gauntlet | Found a transporter.
 12565 | Gauntlet | Found a transporter.
 12581 | Gauntlet | Found a transporter.
 12888 | Gauntlet | Gained mutation: You are clumsy. (Dex -2) [potion of
                  | mutation]
 12888 | Gauntlet | Gained mutation: You have hidden genetic potential. [potion
                  | of mutation]
 12902 | Gauntlet | Killed a death yak
 12903 | Gauntlet | Killed a death yak
 12911 | Gauntlet | Killed a death yak
 12912 | Gauntlet | Reached skill level 11 in Evocations
 12914 | Gauntlet | Killed a death yak
 12915 | Gauntlet | Reached XP level 12. HP: 50/74 MP: 0/0
 12920 | Gauntlet | HP: 3/74 [death yak simulacrum[a necromancer] (42)]
 13159 | Gauntlet | Identified the +2 hat of the Blessed Realm {rCorr Str+2
                  | Dex+3}
 13189 | Gauntlet | Noticed a minotaur
 13204 | Gauntlet | Killed a minotaur
 13515 | D:11     | Noticed a centaur warrior
 13532 | D:11     | Killed a centaur warrior
 14033 | D:11     | Identified the +5 glaive "Coqoido" {freeze, rCorr Str+4
                  | Int-4}
 14064 | D:11     | Found a staircase to the Lair.
 14084 | D:11     | Noticed a centaur warrior
 14102 | D:11     | Killed a centaur warrior
 14117 | D:11     | Reached skill level 12 in Evocations
 14484 | D:11     | Noticed Amaemon
 14507 | D:11     | Killed Amaemon
 14509 | D:11     | Gained mutation: Your muscles are strong. (Str +4, Int/Dex
                  | -1) [hidden potential]
 14984 | Lair:1   | Entered Level 1 of the Lair of Beasts
 15033 | Lair:1   | Found a frozen archway.
 15034 | Lair:1   | Reached * piety under Ashenzari
 15034 | Lair:1   | Identified 2 scrolls of acquirement
 15035 | Lair:1   | Acquired the +1 buckler of Beas {Rampage rF- MP+9 Slay+5}
 15037 | Lair:1   | Acquired the +1 hat "Uxilisk" {rElec Dex+5}
 15097 | IceCv    | Entered an ice cave
 16454 | Lair:2   | Reached XP level 13. HP: 60/80 MP: 0/0
 16454 | Lair:2   | Learned a level 5 spell: Agony
 16455 | Lair:2   | Found a dark tunnel.
 16465 | Volcano  | Entered a volcano
 16636 | Volcano  | Reached skill level 13 in Evocations
 16856 | Volcano  | Reached skill level 1 in Stealth
 16864 | Volcano  | Reached skill level 1 in Short Blades
 17714 | Volcano  | Gained mutation: You are strong-willed. (Will+) [hidden
                  | potential]
 17714 | Volcano  | Lost mutation: You have hidden genetic potential. [hidden
                  | potential expressed]
 17945 | Lair:2   | Found a bloodstained altar of Trog.
 18493 | Lair:2   | Reached ** piety under Ashenzari
 19564 | Lair:3   | Found a hazy altar of Hepliaklqana.
 19595 | Lair:3   | Reached *** piety under Ashenzari
 19948 | Lair:3   | Identified the +6 plate armour of the New World {rPois
                  | Str+2}
 20099 | Lair:3   | Found a staircase to the Shoals.
 20268 | Lair:3   | Found a hole to the Spider Nest.
 20344 | Lair:3   | Reached XP level 14. HP: 82/87 MP: 0/0
 20486 | Lair:3   | Reached skill level 14 in Evocations
 20761 | Lair:4   | Reached skill level 5 in Short Blades
 20786 | Lair:4   | Reached skill level 5 in Stealth
 21480 | Lair:4   | Noticed Snorg
 21491 | Lair:4   | Killed Snorg
 21743 | Lair:5   | Entered Level 5 of the Lair of Beasts
 22433 | Lair:5   | Found a large runed translucent door.
 22598 | Lair:5   | Reached skill level 15 in Evocations
 22629 | Lair:5   | Found a large runed translucent door.
 22899 | Lair:5   | Reached XP level 15. HP: 61/99 MP: 0/0
 22899 | Lair:5   | Learned a level 6 spell: Simulacrum
 22902 | Lair:5   | Reached skill level 5 in Fighting
 23321 | Lair:5   | Identified the +0 dagger of Hiypupi {heavy, *Slow rC+ Will+
                  | Dex+6}
 23338 | Lair:5   | Found a viscous altar of Jiyva.
 23339 | Lair:5   | Found a staircase to the Slime Pits.
 24776 | D:12     | Reached **** piety under Ashenzari
 25979 | D:13     | Found a gate to the Vaults.
 26013 | D:13     | Found a sacrificial altar of Ru.
 26129 | D:13     | Reached skill level 16 in Evocations
 26507 | D:14     | Identified Xoocorph's Papyrus of the Sky and Geology
 26562 | D:14     | Noticed Rupert
 26570 | D:14     | Killed Rupert
 26720 | D:14     | Reached XP level 16. HP: 110/118 MP: 0/0
 26853 | D:14     | Noticed Nessos
 26857 | D:14     | Killed Nessos
 27073 | D:15     | Entered Level 15 of the Dungeon
 28393 | D:15     | Found a staircase to the Depths.
 28600 | Orc:1    | Entered Level 1 of the Orcish Mines
 28797 | Orc:2    | Entered Level 2 of the Orcish Mines
 28977 | Orc:2    | Noticed Saint Roka
 28986 | Orc:2    | Noticed Jorgrun
 28996 | Orc:2    | HP: 4/121 [shot self (15)]
 29337 | Orc:2    | Found a staircase to the Elven Halls.
 29417 | Orc:2    | Killed Saint Roka
 29527 | Orc:2    | Killed Jorgrun
 29703 | Orc:2    | Reached skill level 17 in Evocations
 30045 | Orc:2    | Found Apej's Antique Armour Boutique.
 30061 | Orc:2    | Found Waweovumm's General Store.
 30098 | Orc:2    | Found Quiza's Antique Weapon Boutique.
 30207 | Orc:2    | Found Jeuraoz's Jewellery Boutique.
 30600 | Orc:1    | Found a runed translucent gate.
 30650 | Orc:1    | Found a runed translucent gate.
 30650 | Orc:1    | Found a runed translucent gate.
 30664 | Orc:1    | Identified the +2 robe "Vuxil" {-Tele rN++ Dex+3}
 30668 | Orc:1    | Found an iron altar of Okawaru.
 30668 | Orc:1    | Noticed TimeIsEndless's ghost (journeyman KoEn)
 30807 | D:6      | Reached ***** piety under Ashenzari
 31004 | Spider:1 | Entered Level 1 of the Spider Nest
 31009 | Spider:1 | Reached skill level 10 in Fighting
 31949 | Spider:1 | Reached XP level 17. HP: 102/132 MP: 0/0
 31949 | Spider:1 | Learned a level 7 spell: Dragon Form
 32076 | Spider:1 | Identified the cursed +3 dagger of the Revealing Heavens
                  | {venom, Self, Melee} (You took it off Dowan on level 6 of
                  | the Dungeon)
 32076 | Spider:1 | Identified the cursed +0 cloak of Ashenzari's Annoyance
                  | {Fort, Range} (You found it on level 6 of the Dungeon)
 32076 | Spider:1 | Identified the cursed +1 pair of gloves of Supernal Gnosis
                  | {Evo, Fort} (You found it on level 4 of the Dungeon)
 32194 | Spider:2 | Reached skill level 1 in Unarmed Combat
 33096 | Spider:2 | Noticed Donald
 33104 | Spider:2 | HP: 4/187 [Donald/+0 heavy scimitar (31)]
 33105 | Spider:2 | Demolished by Donald

Illustrated notes

Levels and vault maps discovered:
D:1:      sevenhm_arrival_forest_fort_large_1, layout_rooms
D:2:      layout_basic, hellmonk_ecumenical_altar_run_dry
D:3:      layout_loops_cross, corexii_item_surrounded_by_moat,
          nicolae_kite_square_tiling_tiny, uniq_crazy_yiuf_cottage
D:4:      layout_loops_corners, makhleb_altar_promises_db
D:5:      layout_basic
D:6:      layout_cave_pods, minmay_temple_entry_butterflies, uniq_eustachio,
          uniq_duvessa
D:7:      gammafunk_the_bubble [the_bubble_gammafunk_roulette],
          layout_loops_ring, enter_bailey_3
D:8:      layout_basic, mainiacjoe_overflow_six_doors_small, feat_on_display
D:9:      layout_basic, zombieorc2_lemuel, kennysheep_generic_room_3
D:10:     layout_roguey, dk_yredelemnul_ordeal, ashenzari_altar_1,
          elyvilon_altar_4, minmay_ruined_shrine, uniq_maggie, uniq_urug
D:11:     layout_roguey, lair_entry_dummy, gauntlet_entry_generic,
          nicolae_benzene_ring, uniq_amaemon
D:12:     layout_roguey
D:13:     layout_irregular_city, erik_vaults_2, nicolae_ru_the_path_less_chosen
D:14:     layout_rooms, minmay_crystal_water, hangedman_corner_corridor,
          uniq_rupert, uniq_nessos
D:15:     gammafunk_enter_depths_forms, layout_gridville,
          nicolae_sif_muna_condensation
Temple:   minmay_crystal_spiral_temple
Lair:1:   hellmonk_ruined_rings, layout_cellular_growth,
          portal_ice_cave_entry_pillars_1
Lair:2:   layout_misc_corridors, enter_volcano_1, lemuel_oklob_altar
Lair:3:   layout_chaotic_city, minmay_shoals_entry_beasts,
          spider_nest_entry_web_field, basic_altar, ice2_lemuel
Lair:4:   layout_misc_corridors, beast_lair_carwin_2,
          infiniplex_staircase_pool_2, uniq_snorg
Lair:5:   cheibrodos_lair_end_hotspot, layout_misc_corridors, slime_entry_1,
          serial_bayou, serial_bayou_pond_c, serial_bayou_pond_d,
          serial_bayou_lake_a, serial_bayou_pond_e
Spider:1: layout_spider_delve, nicolae_spider_baby_got_redback
Spider:2: layout_chambers, nicolae_spider_wall_of_niches,
          nicolae_spider_cling_halls, uniq_donald
Orc:1:    layout_diamond_mine, gammafunk_ghost_fury_of_okawaru
Orc:2:    grunt_orc_cross, layout_caves, lemuel_statue_altar, uniq_saint_roka,
          uniq_jorgrun

Skill      XL: |  1  2  3  4  5  6  7  8  9 10 11 12 13 14 15 16 17 |
---------------+----------------------------------------------------+-----
Spellcasting   | 2 3 4 5 6 8 9 10 11 12 13 14 | 14.9
Shields        | 1 2 3 4 5 |  5.0
Evocations     | 6 8 11 12 13 15 16 17 | 17.5
Stealth        | 4 5 |  5.5
Short Blades   | 4 5 |  5.6
Fighting       | 4 8 10 | 10.2
Unarmed Combat | 3 |  3.3
Polearms       | |  1.5
Armour         | |  1.0
Dodging        | |  1.1

Action                     |  1- 3 |  4- 6 |  7- 9 | 10-12 | 13-15 | 16-18 || total
---------------------------+-------+-------+-------+-------+-------+-------++-------
  Melee: Spear             |   112 |   253 |   235 |       |       |       ||   600
         Punch             |       |     4 |       |       |       |     6 ||    10
         Dagger            |       |       |   210 |   711 |   768 |   510 ||  2199
         Unarmed           |       |       |       |       |       |    88 ||    88
         Tailslap          |       |       |       |       |       |    16 ||    16
         Bite              |       |       |       |       |       |     9 ||     9
  Throw: Dart              |       |       |       |     5 |     1 |     1 ||     7
   Cast: Lee's Rapid Decon |       |       |       |       |   319 |    96 ||   415
         Tukima's Dance    |       |       |       |       |       |     2 ||     2
         Dragon Form       |       |       |       |       |       |    10 ||    10
 Invoke: Curse Item        |       |       |       |     2 |     5 |     2 ||     9
         Shatter the Chain |       |       |       |     1 |       |       ||     1
Ability: Breathe Fire      |       |       |       |       |       |     1 ||     1
  Evoke: Wand              |       |       |    25 |    63 |    34 |    22 ||   144
         Tin of tremorston |       |       |       |     4 |     3 |     2 ||     9
         Phantom mirror    |       |       |       |     1 |     2 |     3 ||     6
    Use: Scroll            |       |     3 |     3 |    14 |     4 |     4 ||    28
         Potion            |       |       |       |     8 |     4 |     5 ||    17
   Stab: Paralysed         |       |       |    41 |    99 |    56 |     1 ||   197
         Invisible         |       |       |       |     1 |     1 |     2 ||     4
         Sleeping          |       |       |       |       |    11 |     6 ||    17
         Fleeing           |       |       |       |       |     1 |       ||     1
         Distracted        |       |       |       |       |       |     2 ||     2
 Armour: Scale mail        |    47 |   118 |       |       |       |       ||   165
         Plate armour      |       |    20 |   304 |   461 |       |       ||   785
         Troll leather arm |       |       |       |     7 |   165 |   142 ||   314
         Robe              |       |       |       |     4 |       |       ||     4
         Skin              |       |       |       |       |       |    38 ||    38
  Dodge: Dodged            |    34 |   122 |   108 |   248 |   524 |   466 ||  1502
  Block: Buckler           |       |       |   131 |   188 |   251 |   198 ||   768

Table legend: (Time is in decaauts)
 A = Elapsed time spent in this place.
 B = Non-inter-level travel time spent in this place.
 C = Inter-level travel time spent in this place.
 D = Time resting spent in this place.
 E = Time spent auto-exploring this place.
 F = Levels seen in this place.
 G = Mean time per level.
                   A        B        C        D        E       F      G
               +--------+--------+--------+--------+--------+-----+--------+
         Total |  32804 |  30714 |   2090 |  10385 |  13248 |  29 | 1131.2 |
       Dungeon |  18302 |  16655 |   1647 |   4906 |   8568 |  15 | 1220.1 |
        Temple |    209 |    126 |     83 |      0 |    106 |   1 |  209.0 |
          Lair |   7422 |   7174 |    248 |   2940 |   2626 |   5 | 1484.4 |
   Spider Nest |   1633 |   1617 |     16 |    404 |    889 |   2 |  816.5 |
  Orcish Mines |   1972 |   1877 |     95 |    531 |    812 |   2 |  986.0 |
        Bailey |    446 |    446 |      0 |    162 |     60 |   1 |  446.0 |
      Ice Cave |    415 |    415 |      0 |    327 |      0 |   1 |  415.0 |
       Volcano |   1406 |   1406 |      0 |    508 |     56 |   1 | 1406.0 |
      Gauntlet |    994 |    994 |      0 |    607 |    131 |   1 |  994.0 |
               +--------+--------+--------+--------+--------+-----+--------+

Top non-repeatable levels by time:
  Lair:5: 2041 daAuts
  Lair:3: 1905 daAuts
     D:6: 1841 daAuts
     D:9: 1799 daAuts
    D:11: 1747 daAuts
    D:10: 1665 daAuts
 Volcano: 1406 daAuts
   Orc:2: 1394 daAuts
  Lair:4: 1248 daAuts
    D:15: 1184 daAuts
  Lair:2: 1178 daAuts
    D:13: 1139 daAuts
     D:4: 1130 daAuts
     D:8: 1126 daAuts
     D:5: 1125 daAuts
